 Dungeon Crawl Stone Soup version 0.17-b1-15-g0f5fb43 (webtiles) character file.

104 Hanyuu the Insei (level 4, 0/28 HPs)
             Began as an Octopode Transmuter on Nov 4, 2015.
             Slain by an adder (4 damage)
             ... on level 4 of the Dungeon.
             The game lasted 00:05:35 (2562 turns).

Hanyuu the Insei (Octopode Transmuter)              Turns: 2562, Time: 00:05:35

Health: 0/28       AC:  1    Str:  9    XL:     4   Next: 80%
Magic:  6/8        EV: 12    Int: 16    God:
Gold:   85         SH:  0    Dex: 12    Spells: 2 memorised, 5 levels left

rFire  . . .     SeeInvis .       - Unarmed
rCold  . . .     Clarity  .     (no shield)
rNeg   . . .     SustAt   .     (helmet restricted)
rPois  .         Gourm    .     y - amulet of resist corrosion
rElec  .         Spirit   .     (no ring)
rCorr  +         Warding  .     (no ring)
rMut   .         Stasis   .     (no ring)
MR     .....                    (no ring)
Stlth  ++........               (no ring)
                                (no ring)
                                (no ring)
                                (no ring)

@: lethally poisoned (0 -> -4), very slightly contaminated, not resistant to
hostile enchantments, unstealthy
A: almost no armour, amphibious, 8 rings, constrict 8, camouflage 1, gelatinous
body 1
a: no special abilities


You were on level 4 of the Dungeon.
You were not hungry.

You visited 1 branch of the dungeon, and saw 4 of its levels.

You collected 85 gold pieces.

Inventory:

Missiles
 a - 37 arrows
 r - 7 arrows of flame
 w - 8 tomahawks (quivered)
Jewellery
 y - an amulet of resist corrosion (around mantle)
Scrolls
 f - 2 scrolls of fog {unknown}
 g - 2 scrolls of enchant armour {unknown}
 h - a scroll of blinking {unknown}
 i - 4 scrolls of remove curse {unknown}
 j - 4 scrolls of identify {unknown}
 m - a scroll of fear {unknown}
 n - a scroll of noise {unknown}
 q - a scroll of teleportation {unknown}
 t - a scroll of recharging {unknown}
 x - a scroll of enchant weapon {unknown}
Potions
 d - 2 potions of curing {unknown}
 e - a potion of agility {unknown}
 k - a potion of might {unknown}
 l - a potion of haste {unknown}
 o - a potion of heal wounds {unknown}
 s - a potion of ambrosia {unknown}
 u - a potion of lignification {unknown}
Books
 b - a book of Changes

   Spells                             Type                      Level
   a - Beastly Appendage              Transmutation                1
   b - Sticks to Snakes               Transmutation                2
   c - Spider Form                    Transmutation/Poison         3
   d - Ice Form                       Ice/Transmutation            4
   e - Blade Hands                    Transmutation                5
Comestibles
 c - 2 bread rations
 p - a beef jerky
 v - a meat ration


   Skills:
 - Level 1.0 Fighting
 - Level 2.0 Dodging
 * Level 4.9 Unarmed Combat
 + Level 2.6 Spellcasting
 - Level 2.0 Transmutations


You had 5 spell levels left.
You knew the following spells:

 Your Spells              Type           Power        Failure   Level  Hunger
a - Beastly Appendage     Trmt           #.....       10%         1    #......
b - Sticks to Snakes      Trmt           #.........   14%         2    ##.....


Dungeon Overview and Level Annotations

Branches:
Dungeon (4/15)
 Temple: D:4-7

Altars:
Ashenzari
Nemelex Xobeh

Annotations:
D:3 Ijyb


Innate Abilities, Weirdness & Mutations

You cannot wear most types of armour.
You are amphibious.
You can wear up to eight rings at the same time.
You can use your tentacles to constrict eight enemies at once.
Your skin changes colour to match your surroundings (Stealth).
Your rubbery body absorbs attacks (AC +1).


Message History

You tentacle-slap the worker ant.
The worker ant is severely wounded.
You constrict the worker ant. The worker ant bites you.
You tentacle-slap the worker ant.
The worker ant is almost dead.
You constrict the worker ant. The adder bites you.
The worker ant barely misses you. The adder bites you.
You tentacle-slap the worker ant but do no damage.
The worker ant is almost dead.
You constrict the worker ant. The worker ant barely misses you.
The adder bites you.
* * * LOW HITPOINT WARNING * * *
You are lethally poisoned!
The adder poisons you!
All of the chunks of flesh in your inventory have rotted away.
You tentacle-slap the worker ant.
You kill the worker ant!
* * * LOW HITPOINT WARNING * * *
You feel sick. The adder bites you.
You die...

### ..# #.#
#.###### #.##...
#.###.##.###.###
#....@.<........
#####S##[###.##
.....<...#.....#
......#..#######
......#..# .....
...# .###. #..#
. .... #. ....


You could see an adder.

Vanquished Creatures
  A worker ant (D:4)
  An adder (D:3)
  A worm (D:3)
  A giant gecko (D:1)
  6 orcs
  5 bats
  5 hobgoblins
  6 jackals (D:1)
  3 kobolds (D:1)
  2 ball pythons (D:1)
  4 giant cockroaches
  8 giant newts
  5 goblins
  6 rats
54 creatures vanquished.

Vanquished Creatures (collateral kills)
  An orc (D:3)
1 creature vanquished.

Grand Total: 55 creatures vanquished

Notes
Turn   | Place    | Note
--------------------------------------------------------------
     0 | D:1      | Hanyuu the Octopode Transmuter began the quest for the Orb.
     0 | D:1      | Reached XP level 1. HP: 13/13 MP: 3/3
   237 | D:1      | Reached XP level 2. HP: 13/18 MP: 3/5
   476 | D:1      | Learned a level 2 spell: Sticks to Snakes
   502 | D:1      | Reached skill level 4 in Unarmed Combat
   742 | D:1      | Reached XP level 3. HP: 20/23 MP: 6/6
  1247 | D:2      | Found a shattered altar of Ashenzari.
  1413 | D:2      | Found a sparkling altar of Nemelex Xobeh.
  1795 | D:3      | Reached XP level 4. HP: 19/28 MP: 5/7
  2294 | D:3      | Noticed Ijyb
  2562 | D:4      | Slain by an adder

Action                   |  1- 3 |  4- 6 || total
-------------------------+-------+-------++-------
Melee: Unarmed           |    90 |    34 ||   124
 Cast: Beastly Appendage |    13 |     5 ||    18
       Sticks to Snakes  |       |     4 ||     4
 Stab: Sleeping          |     7 |       ||     7
  Eat: Chunk             |     3 |     3 ||     6
